 Dungeon Crawl Stone Soup version 0.17-a0-1411-g06ff558 (webtiles) character file.

126 nuthulu the Skirmisher (level 5, 0/34 HPs)
             Began as a Gargoyle Fighter on June 23, 2015.
             Slain by nuthulu's ghost (9 damage)
             ... on level 3 of the Dungeon.
             The game lasted 00:04:16 (1762 turns).

nuthulu the Skirmisher (Gargoyle Fighter)           Turns: 1762, Time: 00:04:16

Health: 0/34       AC: 12    Str: 25    XL:     5   Next: 10%
Magic:  5/5        EV: 12    Int:  9    God:
Gold:   160        SH: 10    Dex: 14    Spells: 0 memorised, 4 levels left

rFire  . . .     SeeInvis .     a - +0 flail
rCold  . . .     Clarity  .     b - +0 scale mail
rNeg   + . .     SustAt   .     c - +0 shield
rPois  ∞         Gourm    .     (no helmet)
rElec  +         Spirit   .     s - +0 cloak
rCorr  .         Warding  .     (no gloves)
rMut   .         Stasis   .     (no boots)
MR     .....                    (no amulet)
Stlth  +.........               (no ring)
                                (no ring)

@: mighty, agile, not resistant to hostile enchantments, very unstealthy
A: negative energy resistance 1, electricity resistance, unbreathing,
petrification resistance, rot immunity, AC +4
a: no special abilities


You were on level 3 of the Dungeon.
You were not hungry.

You visited 1 branch of the dungeon, and saw 3 of its levels.

You collected 160 gold pieces.

Inventory:

Hand weapons
 a - a +0 flail (weapon)
Armour
 b - a +0 scale mail (worn)
 c - a +0 shield (worn)
 s - a +0 cloak (worn)
Magical devices
 k - a wand of teleportation (8)
Scrolls
 l - a scroll of recharging
 p - a scroll of teleportation
Potions
 f - 3 potions of curing
 g - a potion of degeneration {unknown}
 m - a potion of brilliance
 q - a potion of heal wounds {unknown}
Books
 o - a book of Spatial Translocations

   Spells                             Type                      Level
   a - Apportation                    Translocation                1
   b - Blink                          Translocation                2
   c - Shroud of Golubria             Charms/Translocation         2
   d - Portal Projectile              Translocation                3
   e - Teleport Other                 Translocation                3
   f - Passage of Golubria            Translocation                4
Comestibles
 e - 2 bread rations
 h - 4 chunks of flesh
 i - a royal jelly
 j - 5 fruits


   Skills:
 * Level 4.9 Fighting
 * Level 3.8 Maces & Flails
 - Level 3.2 Armour
 - Level 3.2 Shields


You had 4 spell levels left.
You didn't know any spells.

Dungeon Overview and Level Annotations

Branches:
Dungeon (3/15)

Altars:
Nemelex Xobeh

Annotations:
D:3 nuthulu's ghost, experienced GrFi


Innate Abilities, Weirdness & Mutations

You are resistant to torment.
Your stone body is resilient (AC +4).
You are immune to poison.
You resist negative energy.
You are resistant to electric shocks.
You can survive without breathing.
You are immune to petrification.
You are immune to rotting.


Message History

You hit nuthulu's ghost.
Nuthulu's ghost is heavily damaged.
You block nuthulu's ghost's attack.
You sock nuthulu's ghost!
Nuthulu's ghost is heavily damaged.
Nuthulu's ghost hits you. Nuthulu's ghost hits you!
Your shield and scale mail prevent you from hitting nuthulu's ghost.
Nuthulu's ghost is heavily damaged.
Nuthulu's ghost hits you.
* * * LOW HITPOINT WARNING * * *
You closely miss nuthulu's ghost.
Nuthulu's ghost is heavily damaged.
You block nuthulu's ghost's attack.
You hit nuthulu's ghost.
Nuthulu's ghost is severely damaged.
Nuthulu's ghost barely misses you.
You sock nuthulu's ghost!
Nuthulu's ghost is almost destroyed.
Nuthulu's ghost hits you!
You die...

... .. #.# ## #.##..# #.#
#.
####.###.##..#######.###.
......)......#........)..
##...###.##.##.#####.###.
#. #.##.##.# #.# #.
#.##.##.# #.# ##
#W##.##.#####.# ##
#.###@#............ ..
#.................####
###################


You could see nuthulu's ghost.

Vanquished Creatures
  Crazy Yiuf (D:2)
  Jessica (D:2)
  2 adders (D:2)
  A worm (D:3)
  A giant gecko (D:2)
  An orc (D:3)
  4 bats
  A giant cockroach (D:3)
  7 goblins
  5 hobgoblins
  11 jackals
  4 kobolds
  3 quokkas
  2 giant newts (D:2)
  2 rats
46 creatures vanquished.

Notes
Turn   | Place    | Note
--------------------------------------------------------------
     0 | D:1      | nuthulu the Gargoyle Fighter began the quest for the Orb.
     0 | D:1      | Reached XP level 1. HP: 14/14 MP: 1/1
   208 | D:1      | Reached XP level 2. HP: 19/19 MP: 2/2
   874 | D:2      | Reached skill level 4 in Fighting
   874 | D:2      | Reached XP level 3. HP: 24/24 MP: 3/3
   928 | D:2      | Found a sparkling altar of Nemelex Xobeh.
   928 | D:2      | Noticed Jessica
   934 | D:2      | Killed Jessica
   934 | D:2      | Reached XP level 4. HP: 30/30 MP: 4/4
  1249 | D:2      | Noticed Crazy Yiuf
  1264 | D:2      | Killed Crazy Yiuf
  1590 | D:3      | Reached XP level 5. HP: 34/34 MP: 5/5
  1740 | D:3      | Noticed nuthulu's ghost (experienced GrFi)
  1762 | D:3      | Slain by nuthulu's ghost

Vault maps used:
D:1:      dpeg_arrival_tiny_h, roderic_whirl, minmay_splitting_lines
D:2:      nemelex_deck, uniq_jessica, uniq_crazy_yiuf_cottage
D:3:      dk_noncrumbling_4

Action                   |  1- 3 |  4- 6 || total
-------------------------+-------+-------++-------
Melee: Flail             |    86 |    98 ||   184
  Use: Scroll            |     5 |     4 ||     9
       Potion            |       |     2 ||     2
  Eat: Chunk             |       |     3 ||     3
